 Dungeon Crawl Stone Soup version 0.24-b1-48-gd9db55c (webtiles) character file.

Game seed: 4957294305378038381, levelgen mode: deterministic

91 Fang the Skirmisher (level 4, -2/29 HPs)
             Began as a Gargoyle Berserker on Oct 24, 2019.
             Was a Follower of Trog.
             Slain by a gnoll
             ... wielding a +3 spear
              (3 damage)
             ... on level 2 of the Dungeon.
             The game lasted 00:01:19 (1213 turns).

Fang the Skirmisher (Gargoyle Berserker)            Turns: 1213, Time: 00:01:20

Health: -2/29      AC:  5    Str: 21    XL:     4   Next: 57%
Magic:  4/4        EV: 12    Int:  8    God:    Trog [*.....]
Gold:   64         SH:  0    Dex:  9    Spells: 3/3 levels left

rFire    . . .     SeeInvis .   a - +0 hand axe
rCold    . . .     Gourm    .   (no shield)
rNeg     + . .     Faith    .   b - +0 animal skin
rPois    ∞         Spirit   .   (no helmet)
rElec    +         Reflect  .   (no cloak)
rCorr    .         Harm     .   (no gloves)
MR       .....                  (no boots)
Stlth    +.........             (no amulet)
HPRegen  0.09/turn              (no ring)
MPRegen  0.09/turn              (no ring)

@: berserk cooldown, slowed, very slow
A: negative energy resistance 1, electricity resistance, unbreathing,
petrification resistance, rot immunity, AC +3
a: Berserk, Renounce Religion


You were on level 2 of the Dungeon.
You worshipped Trog.
Trog was aware of your devotion.
You were very hungry.

You visited 1 branch of the dungeon, and saw 2 of its levels.

You collected 64 gold pieces.

Inventory:

Hand Weapons
 a - a +0 hand axe (weapon)
Armour
 b - a +0 animal skin (worn)
Scrolls
 e - 2 scrolls of identify {unknown}
 f - a scroll of fear {unknown}
 i - 2 scrolls of teleportation {unknown}
 j - a scroll of remove curse {unknown}
 k - a scroll of blinking {unknown}
Potions
 g - a potion of cancellation {unknown}
 h - a potion of heal wounds {unknown}
 l - a potion of invisibility {unknown}
Comestibles
 c - 3 rations


   Skills:
 + Level 4.0 Fighting
 + Level 3.2 Axes
 + Level 3.1 Armour
 + Level 2.3 Dodging


You had 3 spell levels left.
You didn't know any spells.
Your spell library was empty.

Dungeon Overview and Level Annotations

Branches:
Dungeon (2/15)

Altars:


Innate Abilities, Weirdness & Mutations

You are resistant to torment.
Your stone body is resilient. (AC +3)
You are immune to poison.
You resist negative energy. (rN+)
You are resistant to electric shocks. (rElec)
You can survive without breathing.
You are immune to petrification.
You are immune to rotting.


Message History

The gnoll hits you from afar with a +0 spear!
You hit the gnoll.
The gnoll is severely wounded.
You hit the gnoll but do no damage. The gnoll closely misses you.
The gnoll barely misses you. x2; The gnoll misses you.
You are too injured to fight recklessly!
You barely miss the gnoll.
The gnoll is severely wounded.
You barely miss the gnoll. The gnoll closely misses you.
The gnoll hits you from afar with a +0 spear.
The gnoll hits you but does no damage. The gnoll misses you.
The gnoll hits you from afar with a +0 spear.
* * * LOW HITPOINT WARNING * * *
The gnoll hits you but does no damage. x2
You are too injured to fight recklessly!
Okay, then.
The gnoll hits you from afar with a +0 spear.
* * * LOW HITPOINT WARNING * * *
The gnoll hits you from afar with a +3 spear.
You die...

#.................###.
#......................
#.........###.....###..
#.........###..#..###
####.####......#....#
#. ##.......##... #.
#....##.# #.. ##...##.#
.. #.@....###
#.g.#..... #g.g......
#.gb.....# #...#....#
...#####.. ....# .
.....# ......#


You could see 4 gnolls and a bat.

Vanquished Creatures
  A worker ant (D:2)
  An adder (D:2)
  2 oozes (D:1)
  A worm (D:2)
  2 dart slugs (D:1)
  2 leopard geckos
  A ball python (D:1)
  3 bats
  A giant cockroach (D:2)
  9 goblins (D:1)
  4 hobgoblins (D:1)
  6 kobolds (D:1)
  3 frilled lizards (D:1)
  3 rats (D:1)
39 creatures vanquished.

Notes
Turn   | Place    | Note
-------+----------+-------------------------------------------
     0 | D:1      | Fang the Gargoyle Berserker began the quest for the Orb.
     0 | D:1      | Reached XP level 1. HP: 14/14 MP: 1/1
    57 | D:1      | Reached XP level 2. HP: 11/19 MP: 2/2
   293 | D:1      | Reached XP level 3. HP: 14/23 MP: 3/3
   893 | D:2      | Reached XP level 4. HP: 18/29 MP: 4/4
   980 | D:2      | Reached skill level 4 in Fighting
  1212 | D:2      | HP: 1/29 [gnoll/+0 spear (3)]
  1213 | D:2      | Slain by a gnoll

Skill      XL: |  1  2  3  4 |
---------------+-------------+-----
Axes           | 3 |  3.2
Dodging        | 2 |  2.3
Armour         | 3 |  3.1
Fighting       | 4 |  4.0

Action                   |  1- 3 |  4- 6 || total
-------------------------+-------+-------++-------
Melee: Hand axe          |   122 |    24 ||   146
Invok: Berserk           |     1 |     2 ||     3
  Eat: Chunk             |       |     3 ||     3
Armor: Animal skin       |    45 |    15 ||    60
Dodge: Dodged            |    91 |    41 ||   132
